AoeStats
← gx5v163237

Arabia

509527872Analyzed
1v1 RM · 6d ago on Sep 27, 2026· 77m 39s· 2 players
Game mode
Random Map
Map size
Tiny (2 player)
Population
200
Speed
Normal
Resources
Standard
Victory
Conquest
Starting age
Dark Age
Ending age
Imperial Age
RankedLock teamsTeams togetherTeam positionsShared explorationLock speedFull tech treeHidden civsTurbo modeCheats
Victory
Defeat
🇹🇼 Ethiopians · Taiwan
1259
+15
🇺🇸 Saxons · United States
1245
-15
[FCH] Hothir
8:25 Loom
10:37 Feudal Age
14:20 Castle Age
12:53 Double-Bit Axe
24:24 Gold Mining
26:00 Squires
25:45 Gambesons
33:55 Pikeman
41:05 Imperial Age
40:09 Wheelbarrow
39:19 Town Watch
41:17 Scale Mail Armor
41:28 Forging
41:09 Fletching
41:20 Padded Archer Armor
41:13 Elite Varangian Guard
42:19 Conscription
42:02 Capped Ram
45:16 Halberdier
47:19 Leather Archer Armor
47:00 Bodkin Arrow
47:20 Chain Mail Armor
47:16 Elite Skirmisher
48:01 Shield Wall
50:30 Chemistry
50:02 Ring Archer Armor
49:45 Bracer
50:23 Hand Cart
51:12 Plate Mail Armor
51:04 Ballistics
50:09 Crossbowman
57:12 Siege Engineers
57:28 Man-at-Arms
57:29 Arbalester
59:13 Bow Saw
59:30 Siege Ram
62:21 Iron Casting
61:52 Scale Barding Armor
62:27 Thumb Ring
71:15 Onager
73:39 Two-Man Saw
gx5v163237
6:33 Loom
8:48 Feudal Age
9:20 Double-Bit Axe
13:57 Fletching
20:31 Castle Age
18:45 Padded Archer Armor
20:28 Horse Collar
21:10 Bodkin Arrow
20:37 Crossbowman
25:34 Wheelbarrow
27:38 Bow Saw
31:44 Gold Mining
35:45 Imperial Age
34:29 Thumb Ring
34:33 Stone Mining
35:08 Leather Archer Armor
36:13 Gold Shaft Mining
35:49 Heavy Plow
36:47 Arbalester
37:29 Bracer
38:02 Hand Cart
38:46 Ring Archer Armor
39:37 Stone Shaft Mining
39:16 Town Watch
39:54 Conscription
41:15 Chemistry
40:36 Ballistics
40:46 Scale Barding Armor
40:52 Forging
40:57 Cavalier
45:57 Masonry
46:44 Chain Barding Armor
47:25 Iron Casting
46:56 Husbandry
51:53 Blast Furnace
53:21 Scale Mail Armor
53:41 Elite Skirmisher
55:12 Chain Mail Armor
54:37 Elite Shotel Warrior
58:59 Architecture
58:39 Siege Engineers
59:31 Torsion Engines
60:06 Squires
60:10 Light Cavalry
61:23 Plate Mail Armor
61:26 Hussar
71:15 Architecture
70:40 Guard Tower
Connection lost

Rejoining the realm…

Still unreachable

The connection could not be restored.

Session expired

The server has moved on; the page needs a fresh start.